 Dungeon Crawl Stone Soup version 0.29.1-2-gbd0b4ee654 (webtiles) character file.

Game seed: 15012379636499532379

19 semem the Trooper (level 2, -4/24 HPs)
             Began as a Human Abyssal Knight on Nov 16, 2022.
             Was a Believer of Lugonu.
             Slain by a gnoll
             ... wielding a +0 halberd
              (12 damage)
             ... on level 2 of the Dungeon.
             The game lasted 00:08:41 (1967 turns).

semem the Trooper (Human Abyssal Knight)            Turns: 1967, Time: 00:08:42

Health: -4/24      AC:  5    Str: 13    XL:     2   Next: 95%
Magic:  3/3        EV: 10    Int: 10    God:    Lugonu [**....]
Gold:   32         SH:  0    Dex: 13    Spells: 1/1 levels left

rFire   . . .      SeeInvis .   a - +1 mace
rCold   . . .      Faith    .   (no shield)
rNeg    . . .      Spirit   .   c - +0 ring mail
rPois   .          Reflect  .   (no helmet)
rElec   .          Harm     .   (no cloak)
rCorr   .          Rampage  .   (no gloves)
Will    .....                   (no boots)
Stlth   +.........              (no amulet)
HPRegen 0.08/turn               (no ring)
MPRegen 0.08/turn               (no ring)

@: no status effects
A: mutation resistance 1, MP-powered wands
a: Renounce Religion, Depart the Abyss, Bend Space


You were on level 2 of the Dungeon.
You worshipped Lugonu.
Lugonu was pleased with you.
You visited 1 branch of the dungeon, and saw 2 of its levels.
You visited the Abyss 1 time.

You collected 32 gold pieces.

Inventory:

Hand Weapons
 a - a +1 mace (weapon)
 d - a +1 whip of flaming
Armour
 b - a +0 leather armour
 c - a +0 ring mail (worn)
Jewellery
 h - an amulet of guardian spirit
Scrolls
 e - a scroll of identify
 g - a scroll of fear


   Skills:
 + Level 3.3 Fighting
 * Level 2.4 Maces & Flails
 * Level 2.3 Armour
 + Level 1.0 Dodging
 + Level 2.0 Invocations


You had one spell level left.
You didn't know any spells.
Your spell library contained the following spells:

 Spells                   Type           Power      Damage    Failure   Level
 Magic Dart               Conj           0%         1d3       63%         1
 Call Imp                 Summ           0%         N/A       77%         2
 Scorch                   Fire           0%         2d5       77%         2
 Mephitic Cloud           Conj/Pois/Air  0%         N/A       94%         3
 Flame Wave               Conj/Fire      0%         2d4       100%        4
 Summon Cactus Giant      Summ           0%         N/A       100%        6


Dungeon Overview and Level Annotations

Branches:
Dungeon (2/15)

Altars:

Shops:
D:1 *:(!


Innate Abilities, Weirdness & Mutations

You are somewhat resistant to further mutation.
You expend magic power (3 MP) to strengthen your wands.


Message History

The rat barely misses you.
You hit the rat.
You kill the rat!
Lugonu accepts your kill.
You see here a rat corpse.
Found 6 poisoned darts.
You see here 6 poisoned darts.
You open the door.
There is an open door here.
You now have 32 gold pieces (gained 7).
As you open the door, it creaks loudly!
There is an open door here.
There is an open door here.
You open the door.
There is an open door here.
A gnoll comes into view. It is wielding a +0 halberd.
Found a sling and a hand axe.
Found a hand axe.
A gnoll comes into view. It is wielding a +0 spear.
The gnoll shouts!
You hear a shout!
A gnoll comes into view. It is wielding a +0 flail.
The gnoll barely misses you.
A gnoll comes into view. It is wielding a +0 halberd.
The gnoll hits you from afar with a +0 halberd.
Found 4 gold pieces.
The gnoll barely misses you. The gnoll hits you but does no damage.
You hit the gnoll.
The gnoll is moderately wounded.
The gnoll barely misses you.
The gnoll hits you from afar with a +0 spear.
You closely miss the gnoll.
The gnoll is moderately wounded.
The gnoll hits you but does no damage.
The gnoll hits you with a +0 halberd. x2
The gnoll closely misses you.
As you read the scroll of immolation, it crumbles to dust.
The creatures around you are filled with an inner flame!
The gnoll closely misses you.
The gnoll hits you from afar with a +0 halberd!
Ouch! That really hurt!
You die...

#.......#
#.# #.# ##
#.#######
#.# #.# #
##'##### ###
######
#......#
#...
#.....## $
#... #...###
♣.. ####
#..## ♣....
#
#..#♣♣g..♣..
###
#...@gg.)...
#..
##.#♣♣g...♣.
##. #.#
♣.).. #..
#.# ♣.. ###.
#.# . #...
#.# ####.
#.# ####....
#.# .....##.
........


You could see 4 gnolls.

Vanquished Creatures
  3 endoplasms (D:2)
  2 giant cockroaches (D:2)
  A goblin (D:1)
  3 hobgoblins (D:1)
  2 kobolds (D:1)
  A quokka (D:1)
  A ball python (D:1)
  A bat (D:1)
  A frilled lizard (D:2)
  2 rats
17 creatures vanquished.

Notes
Turn   | Place    | Note
-------+----------+-------------------------------------------
     0 | Abyss:1  | semem the Human Abyssal Knight began the quest for the Orb.
     0 | Abyss:1  | Reached XP level 1. HP: 18/18 MP: 2/2
     8 | Abyss:1  | Found a corrupted altar of Lugonu.
    72 | Abyss:1  | Noticed a starcursed mass
    91 | Abyss:2  | Noticed a purple draconian shifter
    92 | D:1      | Escaped the Abyss
   217 | D:1      | Found Guacveiz's Distillery.
   241 | D:1      | Reached ** piety under Lugonu
   464 | D:1      | Found Tuschuep's Antique Weapon Shoppe.
   568 | D:1      | Gained mutation: Armour fits poorly on your strangely
                  | shaped body. [potion of mutation]
   568 | D:1      | Gained mutation: You expend magic power (3 MP) to
                  | strengthen your wands. [potion of mutation]
   568 | D:1      | Gained mutation: You occasionally lose the ability to drink
                  | potions when taking damage. [potion of mutation]
   865 | D:1      | Lost mutation: Armour fits poorly on your strangely shaped
                  | body. [potion of mutation]
   865 | D:1      | Lost mutation: You occasionally lose the ability to drink
                  | potions when taking damage. [potion of mutation]
   865 | D:1      | Gained mutation: You are somewhat resistant to further
                  | mutation. [potion of mutation]
   878 | D:1      | Found Nooni's Book Shop.
  1028 | D:1      | Reached XP level 2. HP: 24/24 MP: 3/3
  1028 | D:1      | Found Jugaoha's General Store.
  1555 | D:2      | Found a faded altar of an unknown god.
  1967 | D:2      | Slain by a gnoll

Illustrated notes

Levels and vault maps discovered:
D:1:      tarquinn_simple_flora_water_b, layout_basic, serial_shops,
          nicolae_shop_hallway_stairs, nicolae_shop_stone,
          nicolae_shop_waterfront, shop_statue
D:2:      layout_basic, hellmonk_ecumenical_altar_blasted, basic_altar,
          pf_guarded_unrand_woodcutter

Action                   || total
-------------------------++-------
Melee: Mace              ||    50
Invok: Depart the Abyss  ||     1
  Use: Potion            ||     5
       Scroll            ||     4
Armor: Ring mail         ||    14
       Leather armour    ||     1
Dodge: Dodged            ||    28
